 Dungeon Crawl Stone Soup version 0.31-a0-426-g3a05650e59 (webtiles) character file.

Game seed: 7159855689395749920

96 quinnr the Gusty (level 4, -1/24 HPs)
             Began as a Tengu Air Elementalist on July 29, 2023.
             Was an Initiate of Vehumet.
             Slain by Grinder (6 damage)
             ... on level 3 of the Dungeon on July 30, 2023.
             The game lasted 00:07:21 (3231 turns).

quinnr the Gusty (Tengu Air Elementalist)           Turns: 3231, Time: 00:07:22

Health: -1/24      AC:  3    Str:  8    XL:     4   Next: 67%
Magic:  5/9        EV: 12    Int: 18    God:    Vehumet [......]
Gold:   135        SH:  0    Dex: 14    Spells: 8/9 levels left

rFire   . . .        p - +2 spear (pain)
rCold   . . .        (no shield)
rNeg    . . .        a - +0 robe
rPois   .            (helmet restricted)
rElec   .            (no cloak)
rCorr   .            g - +0 pair of gloves
SInv    .            (boots unavailable)
Will    .....        (no amulet)
Stlth   ++           (no ring)
HPRegen 0.24/turn    (no ring)
MPRegen 0.11/turn

%: no passive effects
@: very slightly contaminated
A: beak, talons 3
a: Renounce Religion


You were on level 3 of the Dungeon.
You worshipped Vehumet.
Vehumet was noncommittal.
You visited 1 branch of the dungeon, and saw 4 of its levels.

You collected 135 gold pieces.


Innate Abilities, Weirdness & Mutations

You have a beak for a mouth.
You have claws for feet.


   Skills:
 - Level 2.1 Dodging
 + Level 3.5 Stealth
 - Level 3.0 Spellcasting
 - Level 1.3 Conjurations
 - Level 5.0 Air Magic


You had 8 spell levels left.
You knew the following spells:

 Your Spells              Type           Power      Damage    Failure   Level
z - Shock                 Conj/Air       56%        1d6       4%          1

Your spell library contained the following spells:

 Spells                   Type           Power      Damage    Failure   Level
 Swiftness                Air            20%        N/A       6%          3
 Static Discharge         Conj/Air       28%        2-4/arc   7%          2
 Kiss of Death            Conj/Necr      20%        2d7       12%         1
 Airstrike                Air            10%        2d(2-18)  21%         4
 Confusing Touch          Hex            2%         N/A       43%         3
 Dispel Undead            Necr           2%         3d7       85%         4

Inventory:

Hand Weapons
 e - a +1 dagger of protection
 p - a +2 spear of pain (weapon)
Missiles
 l - a throwing net {=f}
Armour
 a - a +0 robe (worn)
 g - a +0 pair of gloves (worn)
Jewellery
 r - an amulet of magic regeneration
Wands
 o - a wand of flame (14)
Scrolls
 c - 6 scrolls of identify {unknown}
 d - a scroll of amnesia {unknown}
 i - 3 scrolls of teleportation {unknown}
 j - a scroll of torment {unknown}
 k - a scroll of vulnerability {unknown}
 s - a scroll of enchant weapon {unknown}
Potions
 b - a potion of magic
 f - 5 potions of curing {unknown}
 h - 2 potions of invisibility {unknown}
 m - 2 potions of brilliance {unknown}
 n - a potion of resistance {unknown}
 q - a potion of lignification {unknown}
 t - a potion of might {unknown}

Dungeon Overview and Level Annotations

Branches:
Dungeon (4/15)
 Temple: D:4-7

Altars:
Makhleb
Nemelex Xobeh
Ru
Vehumet

Annotations:
D:3 Grinder

### #.# #.......# #..... ..#
#.########.####### ######
..#####.##.......# #########
........##..###..# ##.......#
....######..###..###..#.#.#.#
....# #..#...........#...###
...## #..#.#..###.(#####...#
⚑..# #.......####...#...#.#
8⚑.# #......@5..#.#.#.#.#.#
⚑..# #....#.###.#.......#.#
...# #..#.#.###.#########.##
#### #....#.#.....# #..#
##....<.#.....# ##.#
####......<#.....# ### #.#
#.......##.#.....# ##.###.#
#.##.#..##.#.....# #......#
#.##....##.####### ##.#####


You could see Grinder.


Message History

The zap hits Grinder.
Grinder is heavily wounded.
Grinder closely misses you.
Casting: Shock (safe; 4% risk of failure)
Confirm with . or Enter, or press ? or * to list all spells.
Aiming: Shock (safe; 4% risk of failure)
Press: ? - help, Shift-Dir - straight line You miscast Shock.
You are very lightly contaminated with residual magic.
Nothing appears to happen.
Grinder says, "I used to sell toenails on the black market."
Grinder gestures at you.
You suddenly lose the ability to move!
Grinder hits you.
You writhe in agony.
* * * LOW HITPOINT WARNING * * *
Grinder completely misses you.
You can move again.
Casting: Shock (safe; 4% risk of failure)
Confirm with . or Enter, or press ? or * to list all spells.
You don't know that spell.
Casting: Shock (safe; 4% risk of failure)
Confirm with . or Enter, or press ? or * to list all spells.
Aiming: Shock (safe; 4% risk of failure)
Press: ? - help, Shift-Dir - straight line The zap hits Grinder but does no damage.
Grinder is moderately wounded.
The zap misses Grinder.
Grinder hits you.
* * * LOW HITPOINT WARNING * * *
You writhe in agony.
You die...

Skill      XL: |  1  2  3  4 |
---------------+-------------+-----
Stealth        | 3 |  3.5
Air Magic      | 5 |  5.0
Spellcasting   | 3 |  3.0
Dodging        | |  2.1
Conjurations   | |  1.3

Action                     |  1- 3 |  4- 6 || total
---------------------------+-------+-------++-------
  Melee: Unarmed           |     7 |       ||     7
         Peck              |     2 |       ||     2
         Kick              |     4 |       ||     4
         Dagger            |     3 |       ||     3
   Cast: Shock             |    93 |    58 ||   151
 Armour: Robe              |     3 |    12 ||    15
  Dodge: Dodged            |    13 |    14 ||    27

Levels and vault maps discovered:
D:1:      sevenhm_arrival_forest_fort_small_5, layout_loops_ring
D:2:      layout_basic
D:3:      layout_loops_cross, chequers_temple_overflow_statue_of_worship,
          minivault_14
D:4:      kennysheep_kobold_camp, layout_rooms, nicolae_overflow_hidden_temple,
          minmay_diced_spiral, uniq_grinder, uniq_edmund,
          uniq_crazy_yiuf_cottage

Notes
Turn   | Place    | Note
-------+----------+-------------------------------------------
     0 | D:1      | quinnr the Tengu Air Elementalist began the quest for the
                  | Orb.
     0 | D:1      | Reached XP level 1. HP: 10/10 MP: 4/4
   238 | D:1      | Reached XP level 2. HP: 15/15 MP: 3/6
   599 | D:1      | Reached XP level 3. HP: 19/19 MP: 5/7
   773 | D:1      | Upgraded the game from 0.31-a0-408-gb642c7f9a3 to
                  | 0.31-a0-426-g3a05650e59
  1430 | D:2      | Reached skill level 3 in Stealth
  1941 | D:2      | Reached XP level 4. HP: 24/24 MP: 5/9
  2373 | D:3      | Reached skill level 5 in Air Magic
  2846 | D:3      | Reached skill level 3 in Spellcasting
  3136 | D:3      | Found a sacrificial altar of Ru.
  3136 | D:3      | Found a radiant altar of Vehumet.
  3136 | D:3      | Found a sparkling altar of Nemelex Xobeh.
  3136 | D:3      | Found a burning altar of Makhleb.
  3184 | D:3      | Became a worshipper of Vehumet
  3222 | D:4      | Noticed Grinder
  3228 | D:3      | Paralysed by Grinder for 3 turns
  3231 | D:3      | Slain by Grinder

Vanquished Creatures
  An adder (D:3)
  4 worms
  2 dart slugs
  5 orcs (D:3)
  4 endoplasms
  A giant cockroach (D:1)
  6 goblins
  6 hobgoblins (D:1)
  4 jackals (D:3)
  4 quokkas (D:1)
  4 ball pythons
  3 bats
  5 frilled lizards
  7 kobolds
  8 rats
64 creatures vanquished.

Table legend: (Time is in decaauts)
 A = Elapsed time spent in this place.
 B = Non-inter-level travel time spent in this place.
 C = Inter-level travel time spent in this place.
 D = Time resting spent in this place.
 E = Time spent auto-exploring this place.
 F = Levels seen in this place.
 G = Mean time per level.
                   A        B        C        D        E       F      G
               +--------+--------+--------+--------+--------+-----+--------+
         Total |   3232 |   3174 |     58 |     94 |   2637 |   4 |  808.0 |
       Dungeon |   3232 |   3174 |     58 |     94 |   2637 |   4 |  808.0 |
               +--------+--------+--------+--------+--------+-----+--------+

Top non-repeatable levels by time:
     D:1: 1140 daAuts
     D:3: 1102 daAuts
     D:2: 986 daAuts
     D:4: 1 daAuts

Table legend:
 A = Non-vault XP
 B = Vault XP
 C = Vault XP percentage of total XP
 D = Non-vault monster count
 E = Vault monster count
 F = Vault count percentage of total count
                 A         B        C        D         E       F
            +---------+---------+-------+---------+---------+-------
      Total |     138 |       0 |   0.0 |      64 |       0 |   0.0
            +---------+---------+-------+---------+---------+-------
        D:1 |      50 |       0 |   0.0 |      28 |       0 |   0.0
        D:2 |      35 |       0 |   0.0 |      16 |       0 |   0.0
        D:3 |      53 |       0 |   0.0 |      20 |       0 |   0.0
            +---------+---------+-------+---------+---------+-------

Levels and vault maps discovered:
D:1:      sevenhm_arrival_forest_fort_small_5, layout_loops_ring
D:2:      layout_basic
D:3:      layout_loops_cross, chequers_temple_overflow_statue_of_worship,
          minivault_14
D:4:      kennysheep_kobold_camp, layout_rooms, nicolae_overflow_hidden_temple,
          minmay_diced_spiral, uniq_grinder, uniq_edmund,
          uniq_crazy_yiuf_cottage
